 Dungeon Crawl Stone Soup version 0.29.1-15-g9cfb28693d (webtiles) character file.

Game seed: 135040197162889790

411 Cheops the Spear-Bearer (level 6, -2/44 HPs)
             Began as a Merfolk Gladiator on Mar 30, 2023.
             Slain by a gnoll
             ... wielding a +0 spear
             ... led by a gnoll bouda
              (3 damage)
             ... on level 5 of the Dungeon.
             The game lasted 00:12:26 (4235 turns).

Cheops the Spear-Bearer (Merfolk Gladiator)         Turns: 4235, Time: 00:12:27

Health: -2/44      AC:  7    Str: 16    XL:     6   Next: 90%
Magic:  6/6        EV: 11    Int:  7    God:
Gold:   98         SH:  0    Dex: 16    Spells: 5/5 levels left

rFire   . . .      SeeInvis .   a - +1 trident
rCold   . . .      Faith    .   (no shield)
rNeg    . . .      Spirit   .   v - +0 scale mail
rPois   .          Reflect  .   c - +0 helmet
rElec   .          Harm     .   (no cloak)
rCorr   .          Rampage  .   (no gloves)
Will    .....                   (no boots)
Stlth   ..........              (no amulet)
HPRegen 0.14/turn               (no ring)
MPRegen 0.10/turn               (no ring)

@: no status effects
A: (nimble swimmer 2), mertail
a: no special abilities


You were on level 5 of the Dungeon.
You visited 1 branch of the dungeon, and saw 5 of its levels.

You collected 98 gold pieces.

Inventory:

Hand Weapons
 a - a +1 trident (weapon)
Missiles
 d - 3 throwing nets (quivered)
 e - a javelin
Armour
 b - a +0 leather armour
 c - a +0 helmet (worn)
 v - a +0 scale mail (worn)
Wands
 u - a wand of roots (11)
Scrolls
 f - a scroll of magic mapping
 l - a scroll of immolation
 m - a scroll of identify
Potions
 g - a potion of mutation {unknown}
 h - a potion of brilliance
 i - a potion of resistance {unknown}
 j - a potion of magic {unknown}
 n - 3 potions of heal wounds
 p - a potion of invisibility {unknown}
 q - 3 potions of haste {unknown}


   Skills:
 - Level 2.1 Fighting
 + Level 9.9 Polearms
 - Level 2.0 Throwing
 - Level 4.0 Dodging


You had 5 spell levels left.
You didn't know any spells.
Your spell library contained the following spells:

 Spells                   Type           Power      Damage    Failure   Level
 Inner Flame              Hex/Fire       0%         N/A       99%         3
 Cause Fear               Hex            0%         N/A       100%        4
 Leda's Liquefaction      Hex/Erth       0%         N/A       100%        4
 Lee's Rapid Deconstruct  Erth           0%         3d5*      100%        5
 Statue Form              Tmut/Erth      0%         N/A       100%        6
 Discord                  Hex            0%         N/A       100%        8


Dungeon Overview and Level Annotations

Branches:
Dungeon (5/15)
 Temple: D:4-7

Altars:
Gozag
Sif Muna
The Shining One

Shops:
D:2 [

Portals:
Abyss: D:4

Annotations:
D:4 2 transporters, Grinder; Ihaveafatcat's ghost, novice TeFi


Innate Abilities, Weirdness & Mutations

((You are very nimble when in or above water. (Stealth+, EV+, Speed+++)))
Your lower body shifts to a powerful aquatic tail in water.


Message History

Your attacks no longer feel as feeble.
The gnoll hits you with a +0 spear.
You closely miss the gnoll.
The gnoll is heavily wounded.
The gnoll barely misses you.
You closely miss the gnoll.
The gnoll is heavily wounded.
The gnoll hits you with a +0 spear.
* * * LOW HITPOINT WARNING * * *
You hit the gnoll.
The gnoll is heavily wounded.
You closely miss the gnoll.
The gnoll is heavily wounded.
The gnoll hits you with a +0 spear.
* * * LOW HITPOINT WARNING * * *
You puncture the gnoll!
You kill the gnoll!
You barely miss the gnoll bouda.
The gnoll bouda hits you with a +0 whip!
* * * LOW HITPOINT WARNING * * *
You hit the gnoll bouda but do no damage.
The gnoll closely misses you.
The gnoll bouda hits you with a +0 whip.
* * * LOW HITPOINT WARNING * * *
You puncture the gnoll bouda!
The gnoll bouda is heavily wounded.
The gnoll hits you from afar with a +0 spear.
* * * LOW HITPOINT WARNING * * *
The gnoll bouda barely misses you.
You hit the gnoll bouda.
The gnoll bouda is severely wounded.
The gnoll is no longer moving quickly.
The gnoll barely misses you.
You puncture the gnoll bouda!
You kill the gnoll bouda!
The gnoll hits you but does no damage. The gnoll closely misses you.
Items here: )) [ ††.
You hit the gnoll but do no damage. You hit the gnoll but do no damage.
The gnoll hits you with a +0 spear.
You die...

## #.# #...# .#
#.###...### .#
#.##...[..# .#
#.##......# .#
#....?....# ##
####......#
#.......#
############.#'#'###
.............#.#@#
##############.#g#
..#g# ###g# #.# #.#
... ...


You could see 3 gnolls.

Vanquished Creatures
  An ogre (D:4)
  A scorpion (D:3)
  A hound (D:5)
  A gnoll bouda (D:5)
  Terence (D:3)
  An iguana (D:4)
  2 gnolls
  6 adders
  3 dart slugs
  2 worms
  9 orcs
  6 bats
  6 endoplasms
  2 giant cockroaches (D:2)
  4 goblins
  11 hobgoblins
  4 kobolds
  A quokka (D:2)
  8 ball pythons
  A frilled lizard (D:3)
  5 rats
76 creatures vanquished.

Vanquished Creatures (others)
  A bat (D:1)
1 creature vanquished.

Grand Total: 77 creatures vanquished

Notes
Turn   | Place    | Note
-------+----------+-------------------------------------------
     0 | D:1      | Cheops the Merfolk Gladiator began the quest for the Orb.
     0 | D:1      | Reached XP level 1. HP: 16/16 MP: 1/1
   117 | D:1      | Reached XP level 2. HP: 15/22 MP: 2/2
   124 | D:1      | Reached skill level 5 in Polearms
   376 | D:1      | Reached XP level 3. HP: 26/27 MP: 3/3
   872 | D:2      | Reached skill level 6 in Polearms
  1109 | D:2      | Found Yfuotzi's Antique Armour Boutique.
  1544 | D:2      | Reached XP level 4. HP: 33/33 MP: 4/4
  1905 | D:3      | Noticed a scorpion
  1918 | D:3      | Killed a scorpion
  1919 | D:3      | Reached skill level 7 in Polearms
  1919 | D:3      | Reached XP level 5. HP: 15/38 MP: 5/5
  2480 | D:3      | Found an opulent altar of Gozag.
  2480 | D:3      | Found a shimmering blue altar of Sif Muna.
  2481 | D:3      | Found a glowing golden altar of the Shining One.
  2630 | D:3      | Noticed Terence
  2650 | D:3      | Killed Terence
  2651 | D:3      | Reached skill level 8 in Polearms
  2974 | D:4      | Noticed Grinder
  3088 | D:4      | Found a transporter.
  3104 | D:4      | Noticed Ihaveafatcat's ghost (novice TeFi)
  3329 | D:4      | Reached XP level 6. HP: 31/44 MP: 6/6
  3460 | D:4      | Found a transporter.
  3475 | D:4      | Found a one-way gate to the infinite horrors of the Abyss.
  3696 | D:4      | Reached skill level 9 in Polearms
  3972 | D:5      | Entered Level 5 of the Dungeon
  4230 | D:5      | HP: 1/44 [gnoll/+0 spear[a gnoll bouda] (4)]
  4235 | D:5      | Slain by a gnoll

Illustrated notes

Levels and vault maps discovered:
D:1:      psy_arrival_spokes, layout_loops_cross
D:2:      layout_basic, serial_shops, nicolae_shop_hallway_stairs
D:3:      layout_basic, gammafunk_temple_overflow_forgotten, uniq_terence
D:4:      layout_gridville, gammafunk_ghost_abyssal_escape,
          portal_sewer_entry_e, uniq_grinder
D:5:      layout_basic

Skill      XL: |  1  2  3  4  5  6 |
---------------+-------------------+-----
Polearms       | 5 6 7 8 9 |  9.9
Fighting       | |  2.1
Throwing       | |  2.0
Dodging        | |  4.0

Action                   |  1- 3 |  4- 6 || total
-------------------------+-------+-------++-------
Melee: Trident           |   113 |   160 ||   273
       Punch             |     1 |     2 ||     3
  Use: Potion            |       |     5 ||     5
       Scroll            |       |    11 ||    11
 Stab: Distracted        |     1 |     1 ||     2
       Sleeping          |     1 |       ||     1
Armor: Leather armour    |    19 |    19 ||    38
       Scale mail        |       |    19 ||    19
Dodge: Dodged            |    57 |    84 ||   141
